 Dungeon Crawl Stone Soup version 0.23-a0-696-gf95311e5ea (webtiles) character file.

583536 Flugkiller the Slayer (level 27, -24/163 HPs)
             Began as a Vine Stalker Fighter on Jan 11, 2019.
             Was the Champion of Trog.
             Killed from afar by a Killer Klown (40 damage)
             ... with an a klown pie
             ... on level 5 of the Realm of Zot on Jan 12, 2019.
             The game lasted 01:55:37 (50195 turns).

Flugkiller the Slayer (Vine Stalker Fighter)       Turns: 50195, Time: 01:55:38

Health: -24/163    AC: 49    Str: 24 (27) XL:     27
Magic:  0/31       EV: 19    Int:  5 (8)  God:    Trog [******]
Gold:   4256       SH: 15    Dex: 21 (24) Spells: 26/26 levels left

rFire    + + .     SeeInvis .   a - +9 broad axe (drain)
rCold    + . .     Gourm    .   A - +0 shield {AC+3}
rNeg     . . .     Faith    +   J - +8 gold dragon scales
rPois    +         Spirit   +   U - +1 hat of the Imp {Dex+3}
rElec    .         Reflect  .   I - +2 cloak {MR+}
rCorr    .         Harm     .   H - +2 pair of gloves
MR       ++++.                  V - +2 pair of boots {run}
Stlth    ..........             E - amulet of faith
HPRegen  1.17/turn              M - +5 ring of evasion
MPRegen  0.22/turn              D - ring of protection from fire

@: berserk cooldown, hasted, very quick
A: antennae 1, fangs 3, slimy green scales 1, agile 1, deterioration 1, poison
resistance, regeneration 2, screaming 1, magic shield, antimagic bite, no potion
heal 3, rot immunity
}: 3/15 runes: decaying, silver, gossamer
a: Berserk, Trog's Hand, Brothers in Arms, Renounce Religion


You were on level 5 of the Realm of Zot.
You worshipped Trog.
Trog was exalted by your worship.
You were near starving.

You visited 8 branches of the dungeon, and saw 46 of its levels.
You visited 1 bazaar.
You also visited: Gauntlet and Ice Cave.

You collected 6413 gold pieces.
You spent 2157 gold pieces at shops.

Inventory:

Hand Weapons
 a - a +9 broad axe of draining (weapon)
   (You took it off a tengu warrior on level 9 of the Dungeon)
 b - the +2 whip "Fuossoqu" {antimagic, -Tele +Rage rPois Dex+5}
   (You found it on level 1 of the Depths)

   It reduces the magical energy of the wielder, and disrupts the spells and
   magical abilities of those hit.
   Natural abilities and divine invocations are not affected.
   It affects your dexterity (+5).
   It protects you from poison.
   It lets you go berserk.
   It prevents most forms of teleportation.
 l - a +7 vampiric broad axe
   (You took it off a tengu warrior on level 2 of the Depths)
 m - a +4 antimagic broad axe
   (Trog gifted it to you on level 2 of the Depths)
Missiles
 L - 2 throwing nets (quivered)
Armour
 A - a +0 shield of protection (worn)
   (You took it off a tengu warrior on level 2 of the Depths)
 H - a +2 pair of gloves (worn)
   (You found it on level 1 of the Depths)
 I - a +2 cloak of magic resistance (worn)
   (You acquired it on level 3 of the Spider Nest)
 J - +8 gold dragon scales (worn)
   (You found it on level 2 of the Depths)
 U - the +1 hat of the Imp (worn) {Dex+3}
   (You found it in an ice cave)

   It affects your dexterity (+3).
 V - a +2 pair of boots of running (worn)
   (You found it on level 1 of the Depths)
Jewellery
 D - a ring of protection from fire (right hand)
   (You found it on level 2 of the Swamp)
 E - an amulet of faith (around neck)
   (You found it on level 4 of the Depths)
 M - a +5 ring of evasion (left hand)
   (You found it on level 5 of the Vaults)
 O - a +4 ring of slaying
   (You found it on level 3 of the Depths)
 R - the ring of Xits {+Fly rC++ Int+6 Stlth-}
   (You bought it in a shop in a bazaar)

   [ring of flight]

   It affects your intelligence (+6).
   It greatly protects you from cold.
   It lets you fly.
   It makes you less stealthy.
Wands
 i - a wand of clouds (5)
   (You found it on level 12 of the Dungeon)
 k - a wand of iceblast (40)
   (You found it on level 2 of the Lair of Beasts)
 n - a wand of paralysis (35)
   (You took it off a wight on level 6 of the Dungeon)
 o - a wand of disintegration (30)
   (You found it on level 4 of the Lair of Beasts)
 q - a wand of scattershot (3)
   (You found it on level 4 of the Swamp)
 v - a wand of enslavement (14)
   (You found it on level 3 of the Vaults)
 K - a wand of digging (15)
   (You found it on level 5 of the Lair of Beasts)
 Q - a wand of acid (6)
   (You found it on level 1 of the Depths)
Scrolls
 e - 22 scrolls of teleportation
 g - 4 scrolls of identify
 h - 28 scrolls of remove curse
 r - 16 scrolls of fog
 s - 6 scrolls of fear
 y - 2 scrolls of vulnerability
 C - 2 scrolls of summoning
 Y - a scroll of holy word
Potions
 d - 8 potions of might
 j - 19 potions of curing
 p - 10 potions of mutation
 t - 3 potions of ambrosia
 u - 10 potions of brilliance
 w - 2 potions of agility
 x - a potion of invisibility
 z - 5 potions of magic
 B - 6 potions of lignification
 F - 4 potions of haste
 X - 4 potions of resistance
Miscellaneous
 G - a phantom mirror
 N - a box of beasts
 P - a lightning rod (4/4)
   (You found it in a Gauntlet)
 S - a phial of floods
   (You found it in a Gauntlet)
Comestibles
 f - 58 rations


   Skills:
 + Level 22.5 Fighting
 - Level 17.0(18.0) Axes
 - Level 10.4(14.8) Maces & Flails
 + Level 21.4 Armour
 - Level 12.0 Dodging
 - Level 15.0 Shields
 - Level 10.0 Evocations


You had 26 spell levels left.
You didn't know any spells.
Your spell library was empty.

Dungeon Overview and Level Annotations

Branches:
Dungeon (15/15)            Temple (0/1) D:4            Lair (6/6) D:10
  Swamp (4/4) Lair:4       Spider (4/4) Lair:3        Slime (0/5) Lair:5
    Orc (2/2) D:12            Elf (0/3) Orc:2        Vaults (5/5) D:13
  Crypt (0/3) Vaults:3     Depths (5/5) D:15            Zot (5/5) Depths:5

Altars:
Cheibriados
Fedhas
Gozag
Kikubaaqudgha
Makhleb
Nemelex Xobeh
Okawaru
Ru
Sif Muna
Trog
Uskayaw
Xom
Yredelemnul
The Shining One
Beogh
Jiyva
Lugonu

Shops:
D:8 *   D:14 *   Orc:2 (=*[   Vaults:1 }   Depths:4 :

Portals:
Hell: Depths:1 Depths:2 Depths:3 Depths:4 Depths:5
Abyss: Depths:4
Pandemonium: Depths:3 Depths:5
Ziggurat: Depths:2

Annotations:
D:8 3 runed doors, Ashur's ghost, novice MiGl
D:14 1 runed door, Adamkad1's ghost, journeyman DrTm
Lair:1 2 transporters
Orc:2 2 runed doors, exclusion: orange crystal statue


Innate Abilities, Weirdness & Mutations

You have razor-sharp teeth.
You heal very quickly.
When hurt, damage is shared between your health and your magic reserves.
Your bite disrupts and absorbs the magic of your enemies.
Potions cannot restore your health.
You are immune to rotting.
You have a pair of small antennae on your head.
You are partially covered in slimy green scales. (AC +2)
You are agile. (Dex +2)
Your body sometimes deteriorates upon taking damage.
Your system is resistant to poisons. (rPois)
You occasionally shout uncontrollably at your foes.


Message History

The green draconian is wielding a +4 dire flail of holy wrath.
The red draconian stormcaller roars!
The green draconian roars!
The red draconian stormcaller utters an invocation to Qazlal.
Unknown command.
The Killer Klown eye-gouges you but does no damage.
You see here +0 storm dragon scales.
Unknown command.
The purple draconian rages.
The Killer Klown throws a klown pie at you.
The a klown pie hits the Orb Guardian.
Cherry!
The Orb Guardian looks more vulnerable to fire.
The moth of wrath goads the yellow draconian on!
The yellow draconian goes berserk!
Unknown command.
The green draconian breathes poison at you.
The blast of poison engulfs you! You resist.
The yellow draconian rages.
Unknown command.
Unknown command.
The Killer Klown seems less drained.
The Killer Klown is engulfed in poison gas.
The Killer Klown is poisoned.
You hear a roar!
You see here +0 storm dragon scales.
The purple draconian rages.
The yellow draconian is engulfed in poison gas.
The yellow draconian is poisoned.
The Killer Klown is engulfed in poison gas.
The Killer Klown looks even sicker.
The Killer Klown blinks!
The purple draconian is engulfed in poison gas.
The purple draconian is poisoned.
The Orb Guardian is engulfed in poison gas.
The Orb Guardian is poisoned.
The yellow draconian is engulfed in poison gas.
The yellow draconian looks even sicker.
The Killer Klown is engulfed in poison gas.
The Killer Klown looks even sicker.
The purple draconian is engulfed in poison gas.
The purple draconian looks even sicker.
The Orb Guardian is engulfed in poison gas.
The Orb Guardian looks even sicker.
The Orb Guardian is engulfed in poison gas.
The Orb Guardian is poisoned.
You hear a roar!
The Orb Guardian is engulfed in poison gas.
The Orb Guardian looks even sicker.
The Killer Klown throws a klown pie at you.
The a klown pie hits you!
Raspberry!
You feel weakened.
You feel dopey.
You feel clumsy.
You die...

## ########### #####
##.........#### #...#
##.............## # #...#
##...###....⌠....## ##
#...###...###.....#.....#### §##
#.....dp...@................ .X##
#.....X[....................
..X####⌠°☼○d###.......#..........
#)XX####°X○###.....<.......#...#.
##.X...d○°○...............#######
##..y§[d#...............## #
#..D.)○##.....##...#...#
#..<.○.###...###.......##
#...)..###....##........#


You could see a Killer Klown, a yellow draconian (berserk), a purple draconian
(berserk) and 2 Orb Guardians.

Vanquished Creatures
  2 ancient liches
  4 orbs of fire (Zot:5)
  Mara (Vaults:5)
  4 juggernauts
  Saint Roka (Depths:4)
  2 Killer Klowns (Zot:5)
  Frederick (Vaults:3)
  2 caustic shrikes
  3 curse toes
  7 golden dragons
  Jory (Vaults:2)
  10 tentacled monstrosities
  11 Orb Guardians (Zot:5)
  6 titans
  7 liches
  5 quicksilver dragons
  An ancient champion (Depths:2)
  4 sphinxes
  A thorn hunter (Swamp:2)
  4 death cobs
  Agnes (Spider:4)
  3 draconian monks
  13 storm dragons
  6 shadow dragons
  11 tengu reavers
  3 deep elf sorcerers
  10 vault wardens
  9 iron dragons
  2 draconian scorchers (Zot:1)
  17 frost giants
  Louise (Swamp:2)
  6 fire giants
  4 ghost moths
  2 draconian knights
  A deep elf elementalist (Vaults:5)
  A ghoul (Vaults:4)
  A draconian shifter (Zot:1)
  2 orc warlords
  2 draconian stormcallers (Zot:1)
  22 stone giants
  3 emperor scorpions
  18 ironheart preservers
  A reaper (Depths:5)
  14 very ugly things
  2 war gargoyles (Vaults:5)
  3 draconian annihilators
  A spriggan defender (Depths:4)
  2 green draconians
  5 entropy weavers
  3 vampire knights
  5 black draconians
  A deep elf demonologist (Vaults:4)
  A deep elf annihilator (Vaults:5)
  3 purple draconians
  12 red draconians
  Azrael (Spider:1)
  12 spark wasps
  5 white draconians
  A minotaur (Gauntlet)
  5 yellow draconians
  12 fire dragons
  16 ettins
  2 deep elf death magi (Vaults:4)
  A deep elf high priest (Depths:3)
  25 vault guards
  8 great orbs of eyes
  31 hydras
  15 ice dragons
  19 yaktaur captains
  5 rakshasas
  A hell beast (Depths:2)
  4 spriggan air magi
  4 ghost crabs
  5 shambling mangroves
  8 death yaks
  A catoblepas (Lair:6)
  30 two-headed ogres
  A dancing weapon (Vaults:5)
  5 centaur warriors
  2 death knights (Vaults:4)
  3 vampire magi
  14 alligators
  2 thrashing horrors (Gauntlet)
  15 deep troll earth magi
  19 deep troll shamans
  9 tengu warriors
  2 orc high priests (Orc:2)
  14 ogre magi
  Urug (D:11)
  14 spriggan berserkers
  4 iron trolls (Depths:2)
  10 deep elf knights
  2 fire crabs (Swamp:4)
  3 shadow wraiths
  A deep troll (shapeshifter) (Depths:5)
  4 skeletal warriors
  10 hell knights
  A sixfirhy (Gauntlet)
  3 spriggan druids (Swamp:4)
  2 sea snakes (shapeshifter)
  3 flayed ghosts
  8 glowing orange brains
  32 deep trolls
  A torturous demonspawn (Depths:5)
  10 swamp dragons
  3 unseen horrors
  A gelid demonspawn (Depths:5)
  Pikel (D:4)
  6 necromancers
  4 lindwurms
  3 deep elf archers
  22 ironbrand convokers
  13 orb spiders
  18 orc knights
  4 phantasmal warriors
  6 wizards
  17 deep elf magi
  A mana viper (shapeshifter) (Depths:3)
  30 wolf spiders
  3 cyclopes
  2 salamanders (shapeshifter)
  A tengu skeleton (Vaults:1)
  12 moths of wrath
  5 orc sorcerers
  A stone giant zombie (Vaults:5)
  4 manticores
  A faun (shapeshifter) (Vaults:4)
  An iron dragon skeleton (Vaults:5)
  26 ugly things
  A black mamba (shapeshifter) (Vaults:5)
  A manticore (shapeshifter) (Vaults:5)
  26 elephants
  2 rust devils
  4 orange demons (D:15)
  2 black mambas
  A smoke demon (Depths:5)
  5 spectral swamp worms (Depths:5)
  17 spiny frogs
  2 ice statues (IceCv)
  3 gargoyles
  10 vault sentinels
  An efreet (Zot:1)
  A torpor snail (Lair:4)
  10 komodo dragons
  3 freezing wraiths
  8 demonic crawlers
  6 tengu conjurers
  A rime drake (shapeshifter) (Depths:2)
  3 rime drakes
  45 yaktaurs
  8 ice devils
  A human skeleton (Vaults:5)
  30 jumping spiders
  3 polar bears (shapeshifter)
  9 trolls
  3 red devils (D:15)
  A hornet (shapeshifter) (Vaults:2)
  7 blink frogs
  3 polar bears
  A blink frog (shapeshifter) (Vaults:2)
  Prince Ribbit (D:7)
  7 dream sheep (Lair:6)
  42 slime creatures
  18 hippogriffs
  36 hornets
  16 tyrant leeches
  7 bog bodies
  A raiju (shapeshifter) (Depths:2)
  A redback (shapeshifter) (Depths:3)
  3 shadows
  A spriggan (shapeshifter) (Vaults:2)
  10 spriggans
  A vampire (D:14)
  5 wraiths
  68 redbacks
  26 fire elementals
  Sigmund (D:6)
  3 small abominations (Gauntlet)
  44 yaks
  A yak (shapeshifter) (Depths:2)
  23 tarantellas
  A wyvern (shapeshifter) (Depths:2)
  13 wyverns
  15 basilisks
  A hog (shapeshifter) (Vaults:4)
  Eustachio (D:4)
  Grum (D:10)
  Menkaure (D:7)
  A yaktaur simulacrum (Vaults:1)
  2 hungry ghosts
  2 steam dragons
  31 vampire mosquitoes
  2 humans (shapeshifter)
  7 wargs
  A warg (shapeshifter) (D:15)
  14 swamp worms
  9 insubstantial wisps
  Edmund (D:6)
  13 porcupines
  4 acid dragons
  A soldier ant (D:13)
  5 hell hounds
  11 water moccasins
  2 floating eyes
  Duvessa (D:4)
  12 swamp drakes
  52 orc warriors
  4 sky beasts
  2 hornet zombies
  A slave (D:4)
  An ettin simulacrum (Vaults:3)
  25 ogres
  An eye of draining (D:12)
  4 ice beasts
  An elf zombie (Vaults:3)
  4 necrophages
  11 boggarts
  2 eyes of draining (shapeshifter)
  A human zombie (Vaults:3)
  5 phantoms
  14 wolves
  17 centaurs
  A yaktaur zombie (Vaults:1)
  18 crocodiles
  4 big kobolds
  Blork the orc (D:4)
  15 bullfrogs
  7 scorpions
  8 killer bees
  2 elf simulacra
  9 wights
  A howler monkey (D:8)
  2 electric eels
  4 jellies
  8 crimson imps
  2 quasits
  A lava snake (Swamp:4)
  2 centaur zombies
  11 hounds
  4 human simulacra
  2 centaur skeletons
  A bullfrog skeleton (D:13)
  23 orc priests
  37 orc wizards
  Terence (D:3)
  Natasha (D:1)
  8 iguanas
  10 worker ants
  2 hound zombies
  A howler monkey zombie (D:6)
  12 adders
  7 shadow imps
  23 white imps
  15 ufetubi
  An ooze (D:1)
  An adder skeleton (D:5)
  A worm (D:1)
  5 dart slugs
  7 leopard geckos
  120 orcs
  10 bats
  4 giant cockroaches
  9 goblins
  6 hobgoblins
  16 jackals
  4 quokkas
  4 ball pythons
  2 frilled lizards (D:1)
  23 kobolds
  A leopard gecko skeleton (D:5)
  6 rats
  A spectral orc (D:7)
  9 fungi
  A plant (Lair:4)
2163 creatures vanquished.

Vanquished Creatures (collateral kills)
  Mennas (Depths:3)
  A Killer Klown (Zot:5)
  Xtahua (Vaults:3)
  An electric golem (Zot:5)
  3 Orb Guardians (Zot:5)
  A storm dragon (Zot:5)
  A hydra (Lair:3)
  A death knight (D:12)
  Sonja (D:12)
  A skeletal warrior (D:12)
  4 orb spiders (Spider:4)
  A freezing wraith (D:12)
  A fire elemental (Zot:1)
18 creatures vanquished.

Vanquished Creatures (others)
  A death cob (Zot:5)
  A reaper (IceCv)
  A green draconian (Zot:1)
  A stone giant (Depths:1)
  A hydra (Swamp:4)
  An unseen horror (D:13)
  2 swamp dragons (Swamp:4)
  A wizard (Vaults:1)
  3 steam dragons (Swamp:4)
  A swamp drake (Swamp:4)
  A slave (D:4)
  Dowan (D:4)
  A white imp (IceCv)
  2 ufetubi (IceCv)
  2 orcs
  A quokka skeleton (D:4)
  A briar patch (Swamp:2)
  19 fungi
  8 plants
  A withered plant (D:14)
50 creatures vanquished.

Grand Total: 2231 creatures vanquished

Notes
Turn   | Place    | Note
-------+----------+-------------------------------------------
     0 | D:1      | Flugkiller the Vine Stalker Fighter began the quest for the
                  | Orb.
     0 | D:1      | Reached XP level 1. HP: 11/11 MP: 2/2
   123 | D:1      | Reached XP level 2. HP: 15/16 MP: 3/3
   309 | D:1      | Reached XP level 3. HP: 19/19 MP: 4/4
   735 | D:2      | Found a shimmering altar of Xom.
   983 | D:2      | Noticed Natasha
  1449 | D:2      | Gained mutation: Your natural rate of healing is unusually
                  | fast. [Vine Stalker growth]
  1449 | D:2      | Reached XP level 4. HP: 10/23 MP: 3/5
  1749 | D:1      | Killed Natasha
  1749 | D:1      | Reached XP level 5. HP: 27/27 MP: 6/6
  1810 | D:2      | Found a shimmering altar of Xom.
  1810 | D:2      | Found a shimmering altar of Xom.
  1811 | D:2      | Found a shimmering altar of Xom.
  1812 | D:2      | Found a shimmering altar of Xom.
  1813 | D:2      | Found a shimmering altar of Xom.
  1906 | D:2      | Found a bloodstained altar of Trog.
  1911 | D:2      | Became a worshipper of Trog the Wrathful
  1944 | D:2      | Reached skill level 5 in Maces & Flails
  2342 | D:3      | Found a burning altar of Makhleb.
  2379 | D:3      | Noticed Terence
  2398 | D:3      | Killed Terence
  2398 | D:3      | Reached XP level 6. HP: 32/32 MP: 7/7
  2399 | D:3      | Reached * piety under Trog
  2703 | D:4      | Noticed Duvessa
  2703 | D:4      | Noticed Dowan
  2705 | D:4      | Noticed Blork the orc
  2810 | D:4      | Noticed Eustachio
  2834 | D:4      | Killed Eustachio
  2834 | D:4      | Reached skill level 3 in Fighting
  2879 | D:4      | Noticed a slave
  2880 | D:4      | Noticed Pikel
  2880 | D:4      | Noticed a slave
  2892 | D:4      | Noticed a slave
  2892 | D:4      | Noticed a slave
  2901 | D:4      | Killed a slave
  2912 | D:4      | Killed Pikel
  2912 | D:4      | Reached XP level 7. HP: 37/37 MP: 8/8
  2912 | D:4      | Gained mutation: You have razor-sharp teeth. [Vine Stalker
                  | growth]
  2912 | D:4      | Reached XP level 8. HP: 42/42 MP: 9/9
  2922 | D:4      | Killed Duvessa
  2922 | D:4      | Reached skill level 4 in Fighting
  2923 | D:4      | Killed Dowan
  2993 | D:4      | Found a staircase to the Ecumenical Temple.
  3051 | D:4      | Killed Blork the orc
  3188 | D:4      | Found a shimmering altar of Xom.
  3338 | D:4      | Found an opulent altar of Gozag.
  3338 | D:4      | Found an iron altar of Okawaru.
  3397 | D:5      | Entered Level 5 of the Dungeon
  3768 | D:5      | Noticed a +0 hand axe
  3769 | D:5      | Noticed a +0 dagger
  3770 | D:5      | Found a hide-covered altar of Uskayaw.
  3906 | D:6      | Noticed Sigmund
  4009 | D:6      | Reached ** piety under Trog
  4139 | D:6      | Noticed Edmund
  4151 | D:6      | Killed Edmund
  4151 | D:6      | Reached skill level 5 in Fighting
  4151 | D:6      | Reached XP level 9. HP: 42/47 MP: 8/10
  4203 | D:6      | Found a snail-covered altar of Cheibriados.
  4341 | D:6      | Got a pitted scale mail
  4352 | D:6      | Identified the +6 scale mail of Jobryps {rF- Str+7 Dex+4}
                  | (You found it on level 6 of the Dungeon)
  4396 | D:6      | Paralysed by a wight for 6 turns
  4414 | D:6      | Killed Sigmund
  4564 | D:6      | Found a glowing golden altar of the Shining One.
  4850 | D:7      | Reached skill level 5 in Armour
  5101 | D:7      | Noticed Menkaure
  5137 | D:7      | Killed Menkaure
  5237 | D:7      | Found a basalt altar of Yredelemnul.
  5237 | D:7      | Noticed Prince Ribbit
  5276 | D:7      | Killed Prince Ribbit
  5621 | D:8      | Found a sacrificial altar of Ru.
  5658 | D:8      | Reached *** piety under Trog
  5672 | D:8      | Reached skill level 6 in Fighting
  5717 | D:8      | Found Cykitofokk's Changing Room.
  5737 | D:8      | Bought a potion of mutation for 104 gold pieces
  5737 | D:8      | Bought a potion of mutation for 104 gold pieces
  5737 | D:8      | Bought a potion of mutation for 104 gold pieces
  5737 | D:8      | Gained mutation: Your system is resistant to poisons.
                  | (rPois) [potion of mutation]
  5737 | D:8      | Gained mutation: You have a pair of small antennae on your
                  | head. [potion of mutation]
  5737 | D:8      | Gained mutation: You are partially covered in slimy green
                  | scales. (AC +2) [potion of mutation]
  5781 | D:8      | Reached XP level 10. HP: 53/53 MP: 11/11
  5917 | D:8      | Found a sparkling altar of Nemelex Xobeh.
  5919 | D:8      | Reached skill level 10 in Maces & Flails
  6040 | D:8      | Found a runed gate.
  6040 | D:8      | Found a runed gate.
  6040 | D:8      | Found a runed gate.
  6043 | D:8      | Noticed Ashur's ghost (novice MiGl)
  6336 | D:9      | Noticed a tengu warrior
  6349 | D:9      | Killed a tengu warrior
  6570 | D:9      | Reached skill level 1 in Axes
  6741 | D:9      | Found a blossoming altar of Fedhas.
  7183 | D:9      | Noticed a cyclops
  7184 | D:9      | Noticed a red ugly thing
  7301 | D:9      | Killed a cyclops
  7301 | D:9      | Reached skill level 5 in Shields
  7301 | D:9      | Reached XP level 11. HP: 55/58 MP: 8/12
  7392 | D:9      | Killed a red ugly thing
  7392 | D:9      | Reached **** piety under Trog
  7450 | D:10     | Entered Level 10 of the Dungeon
  7566 | D:10     | Noticed Grum
  7717 | D:10     | Killed Grum
  8074 | D:10     | Reached skill level 5 in Axes
  8245 | D:10     | Found a staircase to the Lair.
  8417 | Lair:1   | Entered Level 1 of the Lair of Beasts
  8457 | Lair:1   | Got a steaming war axe
  8501 | Lair:1   | Found a transporter.
  8503 | Lair:1   | Found a transporter.
  8506 | Lair:1   | Found a bloodstained altar of Trog.
  8507 | Lair:1   | Identified the +6 trident of Frustration {freeze, Int+5
                  | Dex+4}
  8507 | Lair:1   | Noticed a spriggan rider
  8508 | Lair:1   | Noticed a moth of wrath
  8623 | Lair:1   | Reached skill level 1 in Dodging
  8682 | Lair:1   | Reached ***** piety under Trog
  8863 | Lair:1   | Reached skill level 7 in Fighting
  8864 | Lair:1   | Identified the cursed +0 war axe of Icsogiy {elec, MR+
                  | Int+5 Dex-3} (You found it on level 1 of the Lair of
                  | Beasts)
  9098 | Lair:2   | Noticed a five-headed hydra
  9120 | Lair:2   | Killed a six-headed hydra
  9281 | Lair:2   | Gained mutation: You heal very quickly. [Vine Stalker
                  | growth]
  9281 | Lair:2   | Reached XP level 12. HP: 61/63 MP: 13/13
  9774 | Lair:3   | Noticed an eight-headed hydra
  9799 | Lair:2   | Received a gift from Trog
  9929 | Lair:3   | Reached skill level 8 in Fighting
 10141 | Lair:3   | Identified 2 scrolls of acquirement
 10165 | Lair:3   | Got a spiked crystal plate armour
 10176 | Lair:3   | Identified the +4 crystal plate armour of the Snake Pit
                  | {rElec rN+ Slay+3} (You acquired it on level 3 of the Lair
                  | of Beasts)
 10480 | Lair:3   | Killed a nine-headed hydra
 10677 | Lair:3   | Found a hole to the Spider Nest.
 10990 | Lair:4   | Noticed a death yak
 10990 | Lair:4   | Noticed a death yak
 10990 | Lair:4   | Noticed a death yak
 10990 | Lair:4   | Noticed a death yak
 10991 | Lair:4   | Noticed a death yak
 10992 | Lair:4   | Reached skill level 5 in Dodging
 11114 | Lair:4   | Found a deep blue altar of Sif Muna.
 11129 | Lair:4   | Reached skill level 9 in Fighting
 11247 | Lair:4   | Reached XP level 13. HP: 70/70 MP: 14/14
 11442 | Lair:4   | Reached skill level 10 in Fighting
 11621 | Lair:4   | Found a staircase to the Swamp.
 12017 | Lair:5   | Found a staircase to the Slime Pits.
 12258 | Lair:5   | Received a gift from Trog
 12284 | Lair:5   | Reached skill level 10 in Axes
 12740 | Lair:5   | Reached skill level 11 in Fighting
 12769 | Lair:5   | Got a twisted chain mail
 12780 | Lair:5   | Identified the +4 chain mail "Ketujos" {+Blink rPois} (You
                  | found it on level 5 of the Lair of Beasts)
 12892 | Lair:5   | Found a viscous altar of Jiyva.
 13238 | Lair:6   | Entered Level 6 of the Lair of Beasts
 13357 | Lair:6   | Reached XP level 14. HP: 79/79 MP: 15/15
 13433 | Lair:6   | Reached skill level 12 in Fighting
 13882 | Lair:6   | Received a gift from Trog
 14770 | D:11     | Found a gate leading to a gauntlet.
 14777 | Gauntlet | Entered a Gauntlet
 14777 | Gauntlet | Found a transporter.
 14788 | Gauntlet | Found a transporter.
 14790 | Gauntlet | Found a transporter.
 14792 | Gauntlet | Found a transporter.
 14807 | Gauntlet | Found a transporter.
 14822 | Gauntlet | Found a transporter.
 14828 | Gauntlet | Found a transporter.
 14843 | Gauntlet | Found a transporter.
 14862 | Gauntlet | Found a transporter.
 14862 | Gauntlet | Noticed a reaper
 14874 | Gauntlet | Found a transporter.
 14891 | Gauntlet | Found a large runed translucent door.
 14892 | Gauntlet | Found a large runed translucent door.
 14893 | Gauntlet | Found a large runed translucent door.
 14893 | Gauntlet | Found a large runed translucent door.
 14894 | Gauntlet | Found a runed translucent gate.
 14895 | Gauntlet | Noticed a dire elephant
 14895 | Gauntlet | Found a transporter.
 14895 | Gauntlet | Found a runed translucent gate.
 14896 | Gauntlet | Found a runed translucent gate.
 14897 | Gauntlet | Found a large runed translucent door.
 14897 | Gauntlet | Found a large runed translucent door.
 14898 | Gauntlet | Found a large runed translucent door.
 14899 | Gauntlet | Found a large runed translucent door.
 14907 | Gauntlet | Found a transporter.
 14909 | Gauntlet | Found a large runed translucent door.
 14909 | Gauntlet | Found a large runed translucent door.
 14909 | Gauntlet | Found a runed translucent door.
 14909 | Gauntlet | Found a runed translucent door.
 14910 | Gauntlet | Found a large runed translucent door.
 14911 | Gauntlet | Found a large runed translucent door.
 14913 | Gauntlet | Found a transporter.
 14915 | Gauntlet | Found a transporter.
 14915 | Gauntlet | Found a transporter.
 14932 | Gauntlet | Found a transporter.
 14938 | Gauntlet | Found a transporter.
 14981 | Gauntlet | Found a transporter.
 15096 | Gauntlet | Found a large runed translucent door.
 15096 | Gauntlet | Found a large runed translucent door.
 15097 | Gauntlet | Found a large runed translucent door.
 15098 | Gauntlet | Found a large runed translucent door.
 15450 | Gauntlet | Identified the +9 shortbow "Aninkag" {speed, Str+3}
 15669 | D:11     | Noticed Urug
 15689 | D:11     | Killed Urug
 15689 | D:11     | Reached XP level 15. HP: 64/84 MP: 14/16
 15871 | D:11     | Received a gift from Trog
 16427 | D:12     | Received a gift from Trog
 16577 | D:12     | Noticed Sonja
 16632 | D:12     | Killed Sonja
 16669 | D:12     | Found a staircase to the Orcish Mines.
 16720 | D:12     | Found a frozen archway.
 16735 | IceCv    | Entered an ice cave
 16908 | IceCv    | Got a faintly humming hat
 16910 | IceCv    | Got a pair of ichor-stained boots
 16916 | IceCv    | Identified the +1 hat of the Imp {Dex+3} (You found it in
                  | an ice cave)
 16926 | IceCv    | Identified the +2 pair of boots of Creativity {rCorr Str+2
                  | Int+4} (You found it in an ice cave)
 16974 | IceCv    | Received a gift from Trog
 17665 | D:13     | Found a gate to the Vaults.
 17726 | D:13     | Reached ****** piety under Trog
 17855 | D:13     | Reached skill level 10 in Armour
 18056 | D:13     | Received a gift from Trog
 18369 | D:14     | Found a runed door.
 18370 | D:14     | Noticed Adamkad1's ghost (journeyman DrTm)
 18399 | D:14     | Found an opulent altar of Gozag.
 18446 | D:14     | Found Nunuz's Pet Rocks.
 18827 | D:14     | You fall through a shaft!
 18827 | D:15     | Entered Level 15 of the Dungeon
 18834 | D:15     | Received a gift from Trog
 19065 | D:15     | Reached XP level 16. HP: 88/88 MP: 17/17
 19568 | D:15     | Found a staircase to the Depths.
 19925 | Orc:1    | Entered Level 1 of the Orcish Mines
 19937 | Orc:1    | Paralysed by an orc sorcerer for 4 turns
 20496 | Orc:2    | Entered Level 2 of the Orcish Mines
 20611 | Orc:2    | Received a gift from Trog
 20712 | Orc:2    | Paralysed by an orc sorcerer for 4 turns
 20929 | Orc:2    | Reached skill level 10 in Shields
 21010 | Orc:2    | Found a roughly hewn altar of Beogh.
 21014 | Orc:2    | Found Weenised's Jewellery Shop.
 21062 | Orc:2    | Found Qoanwoich's Antique Armour Shop.
 21073 | Orc:2    | Found Fofyirgh's General Store.
 21102 | Orc:2    | Found Vuteomi's Antique Weapon Shop.
 21163 | Orc:2    | Bought a pair of dazzling boots for 237 gold pieces
 21179 | Orc:2    | Bought a scroll of identify for 24 gold pieces
 21179 | Orc:2    | Identified the +1 pair of boots "Leeck" {+Inv rPois Int+4
                  | Slay-6} (You bought it in a shop on level 2 of the Orcish
                  | Mines)
 21345 | Orc:2    | Found a staircase to the Elven Halls.
 21348 | Orc:2    | Found a runed door.
 21362 | Orc:2    | Found the +10 large shield of Ignorance {rN+ Int-4}
 21367 | Orc:2    | Found a runed door.
 21756 | Swamp:1  | Entered Level 1 of the Swamp
 21957 | Swamp:1  | Received a gift from Trog
 22010 | Swamp:1  | Got a smoking spear
 22525 | Swamp:2  | Noticed a thorn hunter
 22567 | Swamp:2  | Killed a thorn hunter
 23235 | Swamp:2  | Noticed Louise
 23262 | Swamp:2  | Killed Louise
 23643 | Swamp:3  | Received a gift from Trog
 23673 | Swamp:3  | Reached XP level 17. HP: 93/93 MP: 16/18
 23732 | Swamp:3  | Got a faintly glowing short sword
 24680 | Swamp:4  | Entered Level 4 of the Swamp
 24830 | Swamp:4  | Reached skill level 15 in Axes
 25109 | Swamp:4  | Received a gift from Trog
 25296 | Swamp:4  | Paralysed by a hornet for 1 turns
 25472 | Swamp:4  | Received a gift from Trog
 25562 | Swamp:4  | Got a decaying rune of Zot
 25909 | Spider:1 | Entered Level 1 of the Spider Nest
 25910 | Spider:1 | Upgraded the game from 0.23-a0-690-g0a1fc62c7c to
                  | 0.23-a0-696-gf95311e5ea
 26070 | Spider:1 | Reached XP level 18. HP: 98/98 MP: 17/19
 26113 | Spider:1 | Noticed Azrael
 26200 | Spider:1 | Killed Azrael
 26668 | Spider:1 | Received a gift from Trog
 26671 | Spider:1 | Got an ichor-stained hand axe {god gift}
 28113 | Spider:4 | Entered Level 4 of the Spider Nest
 28121 | Spider:4 | Noticed Agnes
 28137 | Spider:4 | Killed Agnes
 28210 | Spider:4 | Received a gift from Trog
 28529 | Spider:4 | Received a gift from Trog
 29101 | Spider:4 | Paralysed by a hornet for 3 turns
 29161 | Spider:4 | Reached XP level 19. HP: 102/102 MP: 20/20
 29165 | Spider:4 | Got a gossamer rune of Zot
 29455 | Vaults:1 | Entered Level 1 of the Vaults
 29683 | Vaults:1 | Received a gift from Trog
 29916 | Vaults:1 | Noticed a tentacled monstrosity
 29925 | Vaults:1 | Killed a tentacled monstrosity
 30092 | Vaults:1 | Found Mumaumut's Gadget Shoppe.
 30093 | Vaults:1 | Found a hide-covered altar of Uskayaw.
 31015 | Vaults:2 | Noticed a golden dragon
 31021 | Vaults:2 | Reached skill level 13 in Fighting
 31024 | Vaults:2 | Received a gift from Trog
 31044 | Vaults:2 | Killed a golden dragon
 31081 | Vaults:2 | Reached skill level 10 in Dodging
 31115 | Vaults:2 | Reached XP level 20. HP: 98/109 MP: 21/21
 31458 | Vaults:2 | Noticed Jory
 31505 | Vaults:2 | Killed Jory
 31505 | Vaults:2 | Reached skill level 1 in Evocations
 31846 | Vaults:2 | Received a gift from Trog
 31859 | Vaults:2 | Reached skill level 14 in Fighting
 32704 | Vaults:3 | Noticed Frederick
 32780 | Vaults:3 | Killed Frederick
 32780 | Vaults:3 | Received a gift from Trog
 32923 | Vaults:3 | Reached skill level 5 in Evocations
 33166 | Vaults:3 | Found a staircase to the Crypt.
 33166 | Vaults:3 | Found a basalt altar of Yredelemnul.
 33167 | Vaults:3 | Found an ancient bone altar of Kikubaaqudgha.
 33175 | Vaults:3 | You fall through a shaft!
 33621 | Vaults:3 | Got a faintly glowing great sword
 33944 | Vaults:3 | Reached XP level 21. HP: 116/116 MP: 26/26
 34054 | Vaults:3 | Received a gift from Trog
 34151 | Vaults:3 | Noticed Xtahua
 34152 | Vaults:3 | Paralysed by Xtahua for 6 turns
 34158 | Vaults:3 | wow, 2% para AND on the first move, my fault for not using
                  | trog's hand I guess
 34258 | Vaults:3 | Killed Xtahua
 34799 | Vaults:4 | Reached skill level 15 in Fighting
 34803 | Vaults:4 | Received a gift from Trog
 35561 | Depths:1 | Entered Level 1 of the Depths
 35660 | Depths:1 | Received a gift from Trog
 35723 | Depths:1 | Found a flickering gateway to a bazaar.
 35730 | Bazaar   | Entered a bazaar
 35752 | Bazaar   | Found Astinump's Book Shoppe.
 35752 | Bazaar   | Found Xyuh's Armour Emporium.
 35773 | Bazaar   | Found Onageam's Distillery.
 35790 | Bazaar   | Found Xiqughar's Armour Shoppe.
 35790 | Bazaar   | Found Gazxoex's Jewellery Emporium.
 35833 | Bazaar   | Bought the ring of Xits {+Fly rC++ Int+6 Stlth-} for 532
                  | gold pieces
 35853 | Bazaar   | Bought a potion of resistance for 160 gold pieces
 35853 | Bazaar   | Bought a potion of mutation for 128 gold pieces
 35853 | Bazaar   | Bought a potion of might for 64 gold pieces
 36105 | Orc:2    | Bought a distressingly furry plate armour for 700 gold
                  | pieces
 36105 | Orc:2    | Identified the +1 plate armour of Jafonumm {MR+ Int-2
                  | Slay+3} (You bought it in a shop on level 2 of the Orcish
                  | Mines)
 36405 | Depths:1 | Got a wavering amber ring
 36406 | Depths:1 | Identified the ring of Bioc {+Inv MR+ MP+9 Dex+3} (You
                  | found it on level 1 of the Depths)
 36429 | Depths:1 | Identified the +2 whip "Fuossoqu" {antimagic, -Tele +Rage
                  | rPois Dex+5} (You found it on level 1 of the Depths)
 36501 | Depths:1 | Noticed a golden dragon
 36520 | Depths:1 | Killed a golden dragon
 36573 | Depths:1 | Reached skill level 15 in Armour
 36705 | Depths:1 | Reached XP level 22. HP: 114/123 MP: 29/29
 36864 | Depths:1 | Found a gateway to Hell.
 36943 | Depths:1 | Identified a +1 pair of boots of running (You found it on
                  | level 1 of the Depths)
 37027 | Depths:1 | Reached skill level 15 in Shields
 37506 | Depths:2 | Received a gift from Trog
 37686 | Depths:2 | Found a gateway to a ziggurat.
 37803 | Depths:2 | Noticed a golden dragon
 37815 | Depths:2 | Killed a golden dragon
 38211 | Depths:2 | Noticed a golden dragon
 38237 | Depths:2 | Killed a golden dragon
 38246 | Depths:2 | Reached skill level 16 in Fighting
 38315 | Depths:2 | Identified the cursed +0 shield of Jupnyvve {rPois} (You
                  | found it on level 2 of the Depths)
 38358 | Depths:2 | Found a glowing golden altar of the Shining One.
 38537 | Depths:2 | Noticed a caustic shrike
 38569 | Depths:2 | Killed a caustic shrike
 38672 | Depths:2 | Identified the Almanac of Congealing Summoning
 38728 | Depths:2 | Received a gift from Trog
 38728 | Depths:2 | Reached skill level 10 in Evocations
 38832 | Depths:2 | Noticed a golden dragon
 38855 | Depths:2 | Killed a golden dragon
 39080 | Depths:3 | Identified the cursed -10 large shield "Itzak" {-Cast
                  | Regen+ Dex+2}
 39080 | Depths:3 | Noticed Mennas
 39096 | Depths:3 | Killed Mennas
 39255 | Depths:3 | Found a one-way gate leading to the halls of Pandemonium.
 39304 | Depths:3 | Reached XP level 23. HP: 128/130 MP: 31/31
 39558 | Depths:3 | Found a blossoming altar of Fedhas.
 39558 | Depths:3 | Found an ancient bone altar of Kikubaaqudgha.
 39559 | Depths:3 | Found a glowing golden altar of the Shining One.
 39613 | Depths:3 | Noticed a juggernaut
 39623 | Depths:3 | Killed a juggernaut
 39893 | Depths:3 | Reached skill level 17 in Fighting
 40015 | Depths:3 | Noticed a juggernaut
 40041 | Depths:3 | Killed a juggernaut
 40169 | Depths:3 | Received a gift from Trog
 40431 | Depths:3 | Noticed a caustic shrike
 40438 | Depths:3 | Killed a caustic shrike
 40651 | Depths:3 | Identified the +6 whip of Gin and Tonic {freeze, rElec MR+
                  | Stlth+} (You found it on level 3 of the Depths)
 40930 | Depths:4 | Received a gift from Trog
 40936 | Depths:4 | Reached skill level 18 in Fighting
 41104 | Depths:4 | Noticed Saint Roka
 41152 | Depths:4 | Killed Saint Roka
 41153 | Depths:4 | Reached XP level 24. HP: 106/137 MP: 30/31
 41214 | Depths:4 | Found Gutiri's Book Boutique.
 41323 | Depths:4 | Noticed a juggernaut
 41334 | Depths:4 | Killed a juggernaut
 41437 | Depths:4 | Identified the ring "Azxetsop" {rC+ Str+4 Int-5} (You found
                  | it on level 4 of the Depths)
 41563 | Depths:4 | Received a gift from Trog
 41603 | Depths:4 | Found a corrupted altar of Lugonu.
 41604 | Depths:4 | Found a one-way gate to the infinite horrors of the Abyss.
 41936 | Depths:5 | Entered Level 5 of the Depths
 42367 | Depths:5 | Reached skill level 19 in Fighting
 42492 | Depths:5 | Received a gift from Trog
 42558 | Depths:5 | Noticed a juggernaut
 42572 | Depths:5 | Killed a juggernaut
 43281 | Depths:5 | Reached XP level 25. HP: 145/145 MP: 31/31
 43282 | Depths:5 | Found a gate to the Realm of Zot.
 43803 | Vaults:5 | Entered Level 5 of the Vaults
 43837 | Vaults:5 | Noticed an ancient lich
 43861 | Vaults:5 | Received a gift from Trog
 44014 | Vaults:5 | Killed an ancient lich
 44177 | Vaults:5 | Identified the +11 scythe of the Moon {antimagic, Str+4
                  | SInv} (You found it on level 5 of the Vaults)
 44180 | Vaults:5 | Identified the +6 long sword of Mandamus {freeze, rF+ rN+
                  | SInv Stlth+} (You found it on level 5 of the Vaults)
 44188 | Vaults:5 | Identified the +7 hand crossbow "Pareob Zisonk" {velocity,
                  | rF- rN+++ Str+5 Stlth-}
 44230 | Vaults:5 | Reached skill level 20 in Fighting
 44354 | Vaults:5 | Received a gift from Trog
 44748 | Vaults:5 | Received a gift from Trog
 44791 | Vaults:5 | Identified the +5 long sword of Doom {freeze, rC+ Int-5
                  | Dex+4}
 44807 | Vaults:5 | Noticed Mara
 44812 | Vaults:5 | Noticed Flugkiller's illusion
 44870 | Vaults:5 | Noticed Flugkiller's illusion
 44910 | Vaults:5 | Killed Mara
 45063 | Vaults:5 | Found the +3 robe of Folly {Archmagi, MR-- Int+5}
 45071 | Vaults:5 | Got a silver rune of Zot
 45224 | Vaults:5 | Identified the ring of Hean {*Slow rPois rC+ rN+}
 45324 | Vaults:5 | Reached XP level 26. HP: 148/154 MP: 30/31
 46183 | Zot:1    | Entered Level 1 of the Realm of Zot
 46194 | Zot:1    | Received a gift from Trog
 46436 | Depths:1 | Reached skill level 21 in Fighting
 46623 | Zot:1    | Identified the +0 war axe of Uhafeob {flame, rN+ Int+3
                  | Dex+5} (Trog gifted it to you on level 1 of the Realm of
                  | Zot)
 48922 | Zot:1    | Received a gift from Trog
 49179 | Zot:4    | Identified the amulet "Pytanla" {Faith rN+} (You found it
                  | on level 4 of the Realm of Zot)
 49202 | Zot:5    | Entered Level 5 of the Realm of Zot
 49480 | Zot:5    | Noticed a Killer Klown
 49609 | Zot:5    | Killed a Killer Klown
 50020 | Zot:5    | Noticed an ancient lich
 50031 | Zot:5    | Killed an ancient lich
 50072 | Zot:5    | Reached skill level 22 in Fighting
 50074 | Zot:5    | Noticed an orb of fire
 50098 | Zot:5    | Noticed an orb of fire
 50102 | Zot:5    | Noticed an orb of fire
 50113 | Zot:5    | Gained mutation: You occasionally shout uncontrollably at
                  | your foes. [an orb of fire]
 50114 | Zot:5    | Killed an orb of fire
 50114 | Zot:5    | Reached XP level 27. HP: 161/161 MP: 31/31
 50120 | Zot:5    | Gained mutation: You are agile. (Dex +2) [an orb of fire]
 50121 | Zot:5    | Gained mutation: Your body sometimes deteriorates upon
                  | taking damage. [an orb of fire]
 50122 | Zot:5    | Killed an orb of fire
 50128 | Zot:5    | Killed an orb of fire
 50138 | Zot:5    | Paralysed by a floating eye for 4 turns
 50151 | Zot:5    | Noticed an orb of fire
 50166 | Zot:5    | Received a gift from Trog
 50182 | Zot:5    | HP: 8/163 [tentacled monstrosity (3)]
 50183 | Zot:5    | Killed an orb of fire
 50195 | Zot:5    | Killed from afar by a Killer Klown

Vault maps used:
D:1:      nicolae_arrival_memento_mori, serial_forest,
          infiniplex_forest_clump_medium, infiniplex_forest_clump_small,
          infiniplex_forest_lined_room_2, infiniplex_forest_lined_4_way,
          infiniplex_forest_3_way
D:2:      marbit_many_paths, xom_redecorated, uniq_natasha
D:3:      serial_corexii_hall, chequers_hall_statues_corner_a,
          corexii_hall_statues_x, bloody_makhleb, uniq_terence
D:4:      lemuel_round_altar, amethyst_overflow_temple_binary,
          minmay_temple_entry_offerings, first_ration, st_stairs_11,
          uniq_duvessa, uniq_blork_the_orc, uniq_eustachio, uniq_pikel
D:5:      dancing_weapons_uskayaw
D:6:      lemuel_coloured_pillars_altar, basic_altar, serial_glass,
          glass_columns_c, glass_columns_b, feat_on_display,
          minmay_misc_feat_ornament, uniq_sigmund, uniq_edmund
D:7:      yredelemnul_forgotten_temple_becter, uniq_menkaure,
          uniq_prince_ribbit1
D:8:      nicolae_ru_great_annihilating_truth, lemuel_crystal_altar,
          ebering_ghost_rock_garden, blue_anna_alchemist,
          nicolae_transmutations_shop
D:9:      minmay_chambers_of_sevens, fedhas_altar_2
D:10:     david_lair_shrubbed, uniq_grum
D:11:     gauntlet_entry_generic, hangedman_abyss_or_decor_slice, uniq_urug
D:12:     orc_0_dummy, portal_ice_cave_entry_imps, item_on_display_a, uniq_sonja
D:13:     david_vaults_2
D:14:     gammafunk_ghost_grave, nicolae_gozag_cash_rules_everything_around_me,
          kennysheep_nub, guppyfry_shop_earth
D:15:     grunt_enter_depths_hoard, minmay_stone_trees_small,
          minmay_beelzebubs_servants
Lair:1:   gammafunk_ghost_wrathful_warriors, serial_bayou_ford_a
Lair:3:   spider_nest_entry_funnel_web, chequers_serial_rivers_micro_e,
          beast_lair_carwin_11
Lair:4:   minmay_swamp_entry_reptiles, basic_altar, beast_lair_carwin_10
Lair:5:   slime_altar_1, beast_lair_carwin_5, lemuel_fruit_fields
Lair:6:   wormcave, hangedman_lair_in_review
Swamp:1:  serial_swamp_ruin, evilmike_swamp_ruin_rubble_1,
          evilmike_swamp_ruin_wall
Swamp:2:  hangedman_swamp_diagram, swamp_pool2, hangedman_swamp_wriggling,
          infiniplex_staircase_pool_2, uniq_louise
Swamp:3:  hangedman_swamp_pad
Swamp:4:  swamp_fiery
Spider:1: hive_lemuel, uniq_azrael
Spider:4: spider_rune_water, nicolae_orb_stairs, uniq_agnes
Orc:2:    grunt_orc_cross, chequers_guarded_unrand_ignorance
Vaults:1: v_misc_14, nicolae_vaults_ninety_degrees, st_octagons_2,
          nicolae_vaults_disjoint_gnomons, v_pattern_5, vaults_mumra_hexcomb,
          hangedman_vaults_stretched_pinwheel, nicolae_vaults_yaktaur_gun_rack,
          nicolae_vaults_three_branches, ontoclasm_vaults_loading_screen,
          nicolae_vaults_little_ls, ontoclasm_vaults_idyll, serial_shops,
          nicolae_shop_trees, basic_altar
Vaults:2: nicolae_vaults_little_squares_2, v_alt_pattern_6, v_alt_pattern_3,
          v_pattern_1, grunt_vaults_swirl, dpeg_vaults_pockets_of_resistance,
          hangedman_vaults_cutoff, vaults_room_hallway, ontoclasm_vaults_chip,
          ontoclasm_vaults_shuriken, nicolae_vaults_mini_display_case,
          vaults_room_ringed_pool, nicolae_vaults_specimen_jars, uniq_jory
Vaults:3: minmay_crypt_entry_necro_gods, hangedman_vaults_restitches,
          vaults_room_corners, v_misc_11, vaults_mumra_minichess,
          ontoclasm_vaults_loading_screen,
          nicolae_vaults_windows_and_doors_thing,
          ontoclasm_vaults_claustrophobia, grunt_vaults_focal, uniq_xtahua,
          uniq_frederick
Vaults:4: vaults_room_pool, nicolae_vaults_fighting_squares,
          vaults_standard_mumra_enter_the_diamond, hangedman_vaults_hat
Vaults:5: serial_shops, uniq_mara
Depths:1: solitary_fountain, serial_shops, freezing_bzr,
          grunt_hell_entry_dis_old, chequers_decorated_corner, minivault_12,
          serial_bayou_shore_b
Depths:2: minmay_swirls_squares, enter_ziggurat_f, tso_metal_star,
          grunt_mini_vestibule, kennysheep_potato,
          minmay_staircase_windowed_small
Depths:3: hangedman_slaughterboxes, serial_shops, pan_entry, hell_entry,
          uniq_mennas
Depths:4: minmay_the_grid_octo_2x2, skrybe_limestone_x, abyss_entry_flame_altar,
          serial_shops, kennysheep_mini_moat, hell_entry,
          infiniplex_staircase_spiral, uniq_saint_roka
Depths:5: grunt_zot_entry_gee_three, pf_hell_entry_tar_river,
          grunt_pan_entry_in_and_out, minmay_misc_feat_tiny,
          nicolae_two_hexagons, st_stairs_7, minmay_pinched_square,
          basic_stair_grate_trap
Zot:1:    lemuel_firehouse, st_small_dragon_hoard_2
Bazaar:   bazaar_short_row
IceCv:    ice_cave_small_demon
Gauntlet: gammafunk_gauntlet_one_two_three

Skill      XL: |  1  2  3  4  5  6  7  8  9 10 11 12 13 14 15 16 17 18 19 20 21 22 23 24 25 26 |
---------------+-------------------------------------------------------------------------------+-----
Maces & Flails | 2 3 4 5 7 8 9 10 | 10.4
Fighting       | 3 5 6 7 9 11 12 13 14 15 16 18 19 20 22 | 22.5
Armour         | 3 4 5 7 8 9 10 11 12 13 14 15 16 17 18 19 21 | 21.4
Shields        | 5 6 9 10 12 13 14 15 | 15.0
Axes           | 3 6 8 10 12 13 14 15 16 17 | 17.0
Dodging        | 3 5 6 10 12 | 12.0
Evocations     | 5 8 10 | 10.0

Action                   |  1- 3 |  4- 6 |  7- 9 | 10-12 | 13-15 | 16-18 | 19-21 | 22-24 | 25-27 || total
-------------------------+-------+-------+-------+-------+-------+-------+-------+-------+-------++-------
Melee: Flail             |   120 |   142 |   243 |    78 |       |       |       |       |       ||   583
       Bite              |    22 |    42 |    86 |   172 |   366 |   502 |   449 |   629 |   559 ||  2827
       Unarmed           |     1 |       |       |       |       |       |       |       |       ||     1
       Broad axe         |       |       |       |   452 |   810 |  1252 |   912 |  1109 |   924 ||  5459
Invok: Berserk           |       |       |     2 |     7 |     7 |     9 |     8 |     8 |     3 ||    44
       Brothers in Arms  |       |       |       |     3 |     1 |     1 |     3 |     2 |     3 ||    13
       Trog's Hand       |       |       |       |       |     2 |     7 |    10 |     2 |       ||    21
Evoke: Wand              |       |       |       |     4 |     4 |     1 |       |     2 |     3 ||    14
  Use: Scroll            |     3 |     2 |     5 |    15 |    13 |    13 |     8 |    11 |    20 ||    90
       Potion            |     1 |       |     1 |       |       |     1 |     2 |       |     4 ||     9
 Stab: Paralysed         |       |       |     1 |     1 |     1 |       |       |       |       ||     3
       Confused          |       |       |       |       |       |     1 |       |       |       ||     1
       Distracted        |       |       |       |       |       |       |     1 |     2 |       ||     3
  Eat: Chunk             |     2 |     5 |     7 |    28 |    27 |    27 |    32 |    28 |    13 ||   169
       Ration            |       |       |     1 |       |     2 |     6 |     1 |       |     6 ||    16
Armor: Scale mail        |    48 |    55 |    85 |   102 |       |       |       |       |       ||   290
       Chain mail        |       |       |       |    35 |       |       |       |       |       ||    35
       Crystal plate arm |       |       |       |   101 |   501 |   711 |   347 |    47 |       ||  1707
       Gold dragon scale |       |       |       |       |       |       |       |   330 |   440 ||   770
Dodge: Dodged            |    36 |    50 |    71 |   349 |   511 |   628 |   319 |   401 |   381 ||  2746
Block: Shield            |    72 |    70 |    80 |   197 |       |   827 |   613 |   513 |   503 ||  2875
       Buckler           |       |       |       |    73 |   281 |   114 |       |       |       ||   468

Table legend:
 A = Non-vault XP
 B = Vault XP
 C = Vault XP percentage of total XP
 D = Non-vault monster count
 E = Vault monster count
 F = Vault count percentage of total count
                 A         B        C        D         E       F
            +---------+---------+-------+---------+---------+-------
      Total |  610867 |  706816 |  53.6 |    1419 |     755 |  34.7
            +---------+---------+-------+---------+---------+-------
        D:1 |      59 |      35 |  37.2 |      29 |       1 |   3.3
        D:2 |     127 |       4 |   3.1 |      17 |       1 |   5.6
        D:3 |      85 |      36 |  29.8 |      21 |       1 |   4.5
        D:4 |     184 |    1062 |  85.2 |      12 |       6 |  33.3
        D:5 |     314 |       0 |   0.0 |      13 |       0 |   0.0
        D:6 |     669 |     370 |  35.6 |      21 |       2 |   8.7
        D:7 |     273 |     458 |  62.7 |      13 |       3 |  18.8
        D:8 |    1422 |     294 |  17.1 |      27 |       6 |  18.2
        D:9 |    2671 |    2068 |  43.6 |      18 |      12 |  40.0
       D:10 |    2061 |     900 |  30.4 |      43 |       5 |  10.4
       D:11 |    4610 |     819 |  15.1 |      29 |       1 |   3.3
       D:12 |    7916 |     841 |   9.6 |      50 |      13 |  20.6
       D:13 |    9229 |    2585 |  21.9 |      54 |       3 |   5.3
       D:14 |    6799 |    9522 |  58.3 |      22 |      29 |  56.9
       D:15 |    6702 |    4782 |  41.6 |      24 |       9 |  27.3
     Lair:1 |    3501 |       0 |   0.0 |      21 |       0 |   0.0
     Lair:2 |    3748 |     136 |   3.5 |      18 |       1 |   5.3
     Lair:3 |    4089 |    1970 |  32.5 |      19 |       6 |  24.0
     Lair:4 |    9889 |    3616 |  26.8 |      26 |      11 |  29.7
     Lair:5 |    8092 |    2395 |  22.8 |      27 |       6 |  18.2
     Lair:6 |   16671 |   11490 |  40.8 |      44 |      21 |  32.3
    Swamp:1 |    8656 |       0 |   0.0 |      31 |       0 |   0.0
    Swamp:2 |   11649 |    2562 |  18.0 |      27 |       5 |  15.6
    Swamp:3 |   21440 |       0 |   0.0 |      46 |       0 |   0.0
    Swamp:4 |   26380 |   13880 |  34.5 |      54 |      25 |  31.6
   Spider:1 |   23998 |    2322 |   8.8 |      66 |       7 |   9.6
   Spider:2 |    4885 |       0 |   0.0 |      12 |       0 |   0.0
   Spider:3 |   13204 |       0 |   0.0 |      39 |       0 |   0.0
   Spider:4 |    6869 |   28181 |  80.4 |      25 |      50 |  66.7
      Orc:1 |    3480 |    1667 |  32.4 |      50 |       2 |   3.8
      Orc:2 |    4061 |    4989 |  55.1 |      38 |      30 |  44.1
   Vaults:1 |   27238 |   24523 |  47.4 |      58 |      30 |  34.1
   Vaults:2 |   17374 |   43621 |  71.5 |      46 |      52 |  53.1
   Vaults:3 |   31174 |   28142 |  47.4 |      44 |      25 |  36.2
   Vaults:4 |   39294 |    9942 |  20.2 |      51 |      12 |  19.0
   Vaults:5 |   23598 |  126365 |  84.3 |      42 |      82 |  66.1
   Depths:1 |   51727 |   12456 |  19.4 |      59 |      12 |  16.9
   Depths:2 |   36907 |   46716 |  55.9 |      52 |      27 |  34.2
   Depths:3 |    3702 |  117909 |  97.0 |       3 |      84 |  96.6
   Depths:4 |   26961 |   36398 |  57.4 |      26 |      32 |  55.2
   Depths:5 |   39782 |   53555 |  57.4 |      42 |      52 |  55.3
      Zot:1 |   53376 |   12127 |  18.5 |      34 |      31 |  47.7
      Zot:2 |    7508 |       0 |   0.0 |       3 |       0 |   0.0
      Zot:4 |    4499 |       0 |   0.0 |       3 |       0 |   0.0
      Zot:5 |   33994 |   90012 |  72.6 |      20 |      23 |  53.5
      IceCv |       0 |    3410 | 100.0 |       0 |      26 | 100.0
   Gauntlet |       0 |    4656 | 100.0 |       0 |      11 | 100.0
            +---------+---------+-------+---------+---------+-------
